 Dungeon Crawl Stone Soup version 0.29-a0-582-ge82337ba6a (webtiles) character file.

Game seed: 12414864696288214419

30009 porpoise the Spear-Bearer (level 13, -3/108 HPs)
             Began as a Demonspawn Gladiator on June 15, 2022.
             Was an Initiate of Yredelemnul.
             Slain by a death yak (12 damage)
             ... on level 4 of the Lair of Beasts.
             The game lasted 01:10:50 (18605 turns).

porpoise the Spear-Bearer (Demonspawn Gladiator)   Turns: 18605, Time: 01:10:51

Health: -3/108     AC: 16    Str: 20    XL:     13   Next: 18%
Magic:  19/19      EV: 14    Int:  9    God:    Yredelemnul [......]
Gold:   1052       SH:  9    Dex: 20    Spells: 10/18 levels left

rFire   . . .      SeeInvis .   a - +3 demon trident
rCold   . . .      Faith    .   (no shield)
rNeg    + + +      Spirit   .   C - +0 ring mail {rC+}
rPois   +          Reflect  +   c - +1 helmet
rElec   +          Harm     .   t - +1 cloak "Yjeucw" {rPois rC- rN++ Dex+2}
rCorr   +          Rampage  .   (no gloves)
Will    +....                   (no boots)
Stlth   +.........              I - amulet of reflection
HPRegen 0.28/turn               M - ring "Joxted" {rElec rN+ rCorr Dex+3}
MPRegen 0.16/turn               W - ring of willpower

@: mighty
A: hooves 2, icemail 1, spiny 2, sharp scales 2, condensation shield
a: Renounce Religion, Recall Undead Harvest


You were on level 4 of the Lair of Beasts.
You worshipped Yredelemnul.
Yredelemnul was aware of your devotion.
You visited 2 branches of the dungeon, and saw 15 of its levels.
You also visited: Ice Cave.

You collected 1172 gold pieces.
You spent 120 gold pieces at shops.

Inventory:

Hand Weapons
 a - a +3 demon trident (weapon)
 b - a +0 hunting sling
 w - a +1 trident
Missiles
 e - 3 atropa-tipped darts (quivered)
 s - 4 javelins
Armour
 c - a +1 helmet (worn)
 t - the +1 cloak "Yjeucw" (worn) {rPois rC- rN++ Dex+2}
   (You acquired it on level 10 of the Dungeon)

   Dex:       It affects your dexterity (+2).
   rC:        It makes you vulnerable to cold.
   rPois:     It protects you from poison.
   rN:        It greatly protects you from negative energy.
 C - a +0 ring mail of cold resistance (worn)
 L - +0 steam dragon scales
Jewellery
 o - a ring of see invisible
 r - a +4 ring of evasion
 x - a ring of poison resistance
 z - a ring of fire
 I - an amulet of reflection (around neck)
 M - the ring "Joxted" (left hand) {rElec rN+ rCorr Dex+3}
   (You found it on level 9 of the Dungeon)

   [ring of positive energy]

   Dex:       It affects your dexterity (+3).
   rElec:     It insulates you from electricity.
   rN:        It protects you from negative energy.
   rCorr:     It protects you from acid and corrosion.
 W - a ring of willpower (right hand)
Wands
 v - a wand of acid (5)
 E - a wand of iceblast (18)
 F - a wand of flame (12)
 G - a wand of paralysis (13)
 R - a wand of digging (16)
Scrolls
 g - 3 scrolls of fog
 h - 3 scrolls of identify
 i - 6 scrolls of teleportation
 j - a scroll of amnesia
 n - 4 scrolls of vulnerability
 y - 2 scrolls of silence
Potions
 d - 2 potions of mutation
 k - a potion of attraction
 l - a potion of haste
 m - 4 potions of flight
 u - 5 potions of curing
 A - a potion of brilliance
 B - a potion of ambrosia
 H - 2 potions of lignification


   Skills:
 - Level 12.0 Fighting
 + Level 12.6 Polearms
 - Level 1.7 Throwing
 - Level 5.0 Armour
 - Level 5.0 Dodging
 - Level 3.0 Spellcasting
 - Level 5.0 Hexes
 + Level 2.6 Necromancy
 - Level 5.0 Translocations
 + Level 4.4 Transmutations
 - Level 9.0 Invocations


You had 10 spell levels left.
You knew the following spells:

 Your Spells              Type           Power      Damage    Failure   Level
a - Anguish               Hex/Necr       4%         N/A       71%         4
k - Blink                 Tloc           20%        N/A       10%         2
w - Wereblood             Tmut           9%         N/A       12%         2

Your spell library contained the following spells:

 Spells                   Type           Power      Damage    Failure   Level
 Beastly Appendage        Tmut           18%        N/A       8%          1
 Lesser Beckoning         Tloc           10%        N/A       19%         3
 Ensorcelled Hibernation  Hex/Ice        10%        N/A       26%         2
 Passwall                 Tmut/Erth      4%         N/A       30%         2
 Foxfire                  Conj/Fire      4%         2x1d4     43%         1
 Sandblast                Erth           2%         2d4       43%         1
 Spider Form              Tmut/Pois      5%         N/A       52%         3
 Searing Ray              Conj           2%         2d4       58%         2
 Ignite Poison            Fire/Tmut/Pois 4%         N/A       63%         3
 Conjure Flame            Conj/Fire      1%         6-21      82%         3
 Frozen Ramparts          Ice            2%         1d2       82%         3
 Stone Arrow              Conj/Erth      2%         3d7       82%         3
 Dispel Undead            Necr           6%         3d8       86%         4
 Fulminant Prism          Conj/Hex       2%         3d6       86%         4
 Iskenderun's Mystic Bla  Conj/Tloc      5%         2d3       86%         4
 Manifold Assault         Tloc           10%        N/A       86%         5
 Ice Form                 Ice/Tmut       5%         N/A       89%         4
 Corpse Rot               Necr/Pois/Air  2%         N/A       98%         4
 Hailstorm                Conj/Ice       1%         3d3       99%         4
 Sticky Flame             Conj/Fire      1%         2d3       99%         4
 Summon Ice Beast         Ice/Summ       1%         N/A       99%         4
 Lee's Rapid Deconstruct  Erth           0%         3d5*      100%        5
 Enfeeble                 Hex            5%         N/A       100%        7
 Ozocubu's Refrigeration  Ice            0%         4d5       100%        7
 Death Channel            Necr           Unusable   N/A       N/A         6
 Simulacrum               Ice/Necr       Unusable   N/A       N/A         6

Dungeon Overview and Level Annotations

Branches:
Dungeon (10/15)            Temple (0/1) D:5            Lair (5/6) D:9
 Shoals (0/4) Lair:3        Snake (0/4) Lair:4          Orc (0/2) D:10
  IceCv (visited)
  Slime: Lair:5-6

Altars:
Ashenzari
Fedhas
Wu Jian
Yredelemnul

Shops:
D:3 !*(   D:10 *

Annotations:
D:6 3 runed translucent doors, DocClef's ghost, weakling GnDe; Hubjo's ghost, amateur DEFE; LilSandi's ghost, novice HOMo; Zonian's ghost, novice VSIE; garrulousMonolith's ghost, novice HOFi


Innate Abilities, Weirdness & Mutations

You have hoof-like feet.
A meltable icy envelope protects you from harm. (AC +4)
You are mostly covered in sharp spines.
You are mostly covered in razor-sharp scales. (AC +2, Slay +2)
A meltable shield of frost defends you. (SH +4)


Message History

The death yak closely misses you. You block the death yak's attack.
The death yak is struck by your spines. The death yak gores you!!
* * * LOW HITPOINT WARNING * * *
The death yak gores you but does no damage.
You climb upwards.
There is a stone staircase leading down here.
As you read the scroll of fear, it crumbles to dust.
You assume a fearsome visage.
The cane toad looks frightened!
The death yak looks frightened!
The death yak resists with almost no effort.
The death yak looks frightened!
The wolf looks frightened!
The death yak easily resists.
You block the death yak's attack. The death yak is struck by your spines.
The death yak closely misses you.
You puncture the death yak!
The death yak is heavily wounded.
You block the death yak's attack. The death yak gores you!!
* * * LOW HITPOINT WARNING * * *
You feel much better. You block the death yak's attack. x2
You barely miss the death yak.
The death yak is heavily wounded.
You impale the death yak!! You kick the death yak!
The death yak is almost dead.
The death yak seems to regain its courage.
The death yak gores you but does no damage.
The death yak is struck by your spines. The death yak gores you!
* * * LOW HITPOINT WARNING * * *
You hit the death yak.
You kill the death yak!
You block the death yak's attack.
You hit the death yak. You kick the death yak!
The death yak is lightly wounded.
You impale the death yak!!
The death yak is heavily wounded.
The death yak gores you.
* * * LOW HITPOINT WARNING * * *
You impale the death yak!! You kick the death yak!
The death yak is almost dead.
The death yak is struck by your spines. The death yak gores you!
You die...
Your body rises from the dead as a mindless zombie.

#..#...................#≈≈#≈≈
##.###..###.............#≈#≈≈#
#..###...##.............≈≈≈≈≈≈
##.##P..................≈≈#≈#≈
#P...>...........≈......#≈##≈.
#..............≈≈≈≈.....#.##..
#)............≈≈≈≈≈.....≈≈.≈≈≈
##.............≈≈≈≈≈....≈≈≈#≈≈
#..##......Y@.≈≈≈≈≈....#≈#≈≈#
#...#......Y.≈≈≈≈≈≈....#≈#≈≈≈
#...#.......≈≈≈≈≈≈≈....#≈≈##≈
##...#.......≈≈≈≈≈≈.....#≈≈≈≈#
#....#........≈≈≈≈......#≈≈≈≈#
#....######.#.≈≈≈.......#≈≈≈≈≈
#...#..#####............#≈≈≈≈#
##....................Z.######
###...........................Z


You could see 2 death yaks.

Vanquished Creatures
  Erica (D:8)
  2 alligators (Lair:4)
  3 death yaks
  Urug (Lair:3)
  Amaemon (Lair:1)
  A swamp dragon (Lair:4)
  Pikel (D:6)
  An oklob plant (Lair:2)
  3 elephants (Lair:3)
  A merfolk siren (Lair:3)
  A black mamba (Lair:2)
  An orange demon (Lair:1)
  Maggie (D:9)
  3 cane toads
  2 rime drakes
  8 komodo dragons
  4 polar bears
  8 blink frogs
  Sigmund (D:4)
  4 yaks
  2 shadows
  7 wyverns
  2 basilisks (Lair:4)
  A wraith (D:10)
  16 water moccasins
  A swamp drake (D:10)
  4 orc warriors
  3 black bears
  2 ice beasts (D:5)
  3 wolves (IceCv)
  A lemure (D:6)
  13 bullfrogs
  A necrophage (D:5)
  5 scorpions
  4 wights
  13 killer bees
  An electric eel (Lair:4)
  A howler monkey (D:6)
  3 hounds
  7 orc priests
  3 iguanas
  17 orc wizards
  A scorpion zombie (D:6)
  8 gnolls
  5 adders
  2 white imps
  An ufetubus (D:4)
  A worm (D:5)
  4 dart slugs
  46 orcs
  5 bats
  4 endoplasms
  2 giant cockroaches
  6 hobgoblins
  3 quokkas
  2 ball pythons
  3 frilled lizards
  3 goblins
  4 kobolds
  2 orc zombies (D:6)
  4 rats
264 creatures vanquished.

Vanquished Creatures (collateral kills)
  A hydra (Lair:2)
  A swamp dragon (Lair:4)
  An oklob plant (Lair:2)
  2 elephants (Lair:3)
  A black mamba (Lair:4)
  A rime drake (IceCv)
  2 cane toads
  A polar bear (Lair:3)
  3 blink frogs (Lair:3)
  A hornet (D:9)
  A wraith (D:10)
  5 basilisks
  A wyvern (D:9)
  5 yaks (D:10)
  A steam dragon (D:9)
  5 swamp worms (Lair:4)
  4 water moccasins
  2 orc warriors (D:10)
  3 swamp drakes (Lair:4)
  A bullfrog (Lair:4)
  A scorpion (D:4)
  A wight (D:6)
  A jelly (D:6)
  An electric eel (Lair:3)
  3 orc priests
  2 orc wizards
  A gnoll (D:6)
  An adder (D:3)
  A worm (D:3)
  9 orcs
  3 endoplasms
  A hobgoblin (D:3)
  A frilled lizard (D:3)
  A butterfly (Lair:3)
69 creatures vanquished.

Vanquished Creatures (others)
  An alligator zombie (Lair:4)
  A yak (D:10)
  A cane toad zombie (Lair:2)
  A rime drake zombie (Lair:4)
  A komodo dragon zombie (Lair:4)
  2 wyvern zombies
  4 water moccasin zombies
  A yak zombie (IceCv)
  A polar bear zombie (IceCv)
  A wolf zombie (IceCv)
  3 basilisk zombies (Lair:4)
  A kobold zombie (D:6)
  An orc wizard (D:9)
  A scorpion zombie (D:6)
  5 killer bee zombies (D:9)
  A howler monkey zombie (D:6)
  A swamp drake zombie (Lair:4)
  3 human zombies
  An adder zombie (D:3)
  3 gnoll zombies (D:6)
  28 orc zombies
  33 fungi
  62 plants
157 creatures vanquished.

Grand Total: 490 creatures vanquished

Notes
Turn   | Place    | Note
-------+----------+-------------------------------------------
     0 | D:1      | porpoise the Demonspawn Gladiator began the quest for the
                  | Orb.
     0 | D:1      | Reached XP level 1. HP: 16/16 MP: 1/1
   229 | D:1      | Gained mutation: You are partially covered in razor-sharp
                  | scales. (AC +1, Slay +1) [demonic ancestry]
   229 | D:1      | Reached XP level 2. HP: 22/22 MP: 2/2
   413 | D:1      | Got the Volume of the Snowflakes and Combat Magic
   684 | D:2      | Reached XP level 3. HP: 27/28 MP: 3/3
  1106 | D:2      | Found a basalt altar of Yredelemnul.
  1112 | D:2      | Became a worshipper of Yredelemnul the Dark
  1420 | D:3      | Reached XP level 4. HP: 16/35 MP: 4/4
  1430 | D:3      | Reached * piety under Yredelemnul
  1800 | D:3      | Found Xibar's Assorted Antiques.
  1805 | D:3      | Bought 2 scrolls labelled YVYLAKL BIUKYUW for 60 gold
                  | pieces
  1805 | D:3      | Bought 2 scrolls labelled BEIKLE DOQIORO for 60 gold pieces
  1823 | D:3      | Found Kaofel's Distillery.
  1855 | D:3      | Found Cirghu Zyuj's Weapon Boutique.
  1920 | D:3      | Gained mutation: You are mostly covered in razor-sharp
                  | scales. (AC +2, Slay +2) [demonic ancestry]
  1920 | D:3      | Reached XP level 5. HP: 38/41 MP: 5/5
  2268 | D:4      | Noticed Sigmund
  2279 | D:4      | Killed Sigmund
  2280 | D:4      | Reached skill level 5 in Polearms
  2280 | D:4      | Gained mutation: A meltable shield of frost defends you.
                  | (SH +4) [demonic ancestry]
  2280 | D:4      | Reached XP level 6. HP: 38/48 MP: 6/6
  2371 | D:4      | Noticed a water moccasin
  2379 | D:4      | Your ally Sigmund died
  2385 | D:4      | Killed a water moccasin
  2630 | D:4      | Reached skill level 1 in Armour
  2630 | D:4      | Gained mutation: You are partially covered in sharp spines.
                  | [demonic ancestry]
  2630 | D:4      | Reached XP level 7. HP: 41/55 MP: 7/7
  2836 | D:4      | Reached skill level 5 in Fighting
  2898 | D:4      | Learned a level 2 spell: Wereblood
  3291 | D:5      | Entered Level 5 of the Dungeon
  3291 | D:5      | Found a staircase to the Ecumenical Temple.
  4631 | D:6      | Reached XP level 8. HP: 64/64 MP: 8/8
  4660 | D:6      | Noticed Pikel
  4677 | D:6      | Killed Pikel
  4678 | D:6      | Reached skill level 5 in Armour
  4954 | D:6      | Reached skill level 1 in Invocations
  4974 | D:6      | Reached ** piety under Yredelemnul
  4976 | D:6      | Your ally Pikel died
  5345 | D:6      | Found an ornate altar of the Wu Jian Council.
  5739 | D:6      | Gained mutation: You are mostly covered in sharp spines.
                  | [demonic ancestry]
  5739 | D:6      | Reached XP level 9. HP: 57/72 MP: 12/12
  5899 | D:6      | Found a runed translucent gate.
  5899 | D:6      | Found a runed translucent gate.
  5901 | D:6      | Found a runed translucent gate.
  5901 | D:6      | Noticed garrulousMonolith's ghost (novice HOFi)
  5901 | D:6      | Noticed Zonian's ghost (novice VSIE)
  5902 | D:6      | Noticed DocClef's ghost (weakling GnDe)
  5902 | D:6      | Noticed LilSandi's ghost (novice HOMo)
  5903 | D:6      | Noticed Hubjo's ghost (amateur DEFE)
  6883 | D:7      | Reached skill level 5 in Invocations
  7208 | D:7      | Reached skill level 5 in Dodging
  8389 | D:8      | Noticed Erica
  8401 | D:8      | Killed Erica
  8771 | D:8      | Gained mutation: You have large cloven feet. [demonic
                  | ancestry]
  8771 | D:8      | Reached XP level 10. HP: 71/80 MP: 16/16
  8833 | D:8      | Your ally Erica died
  9774 | D:9      | Noticed Maggie
  9791 | D:9      | Killed Maggie
  9857 | D:9      | Your ally Maggie died
 10082 | D:9      | Found a staircase to the Lair.
 10422 | D:9      | Identified the ring "Joxted" {rElec rN+ rCorr Dex+3}
 10498 | D:9      | Reached *** piety under Yredelemnul
 10955 | D:9      | Learned a level 2 spell: Blink
 11039 | D:10     | Entered Level 10 of the Dungeon
 11130 | D:10     | Found Tenahiec's Demolitions Depot.
 11549 | D:10     | Reached skill level 10 in Fighting
 11935 | D:10     | Identified a scroll of acquirement
 11960 | D:10     | Found a staircase to the Orcish Mines.
 12084 | D:10     | Gained mutation: A meltable icy envelope protects you from
                  | harm. (AC +4) [demonic ancestry]
 12084 | D:10     | Reached XP level 11. HP: 89/91 MP: 17/17
 12118 | D:10     | Acquired the +1 cloak "Yjeucw" {rPois rC- rN++ Dex+2}
 12425 | Lair:1   | Entered Level 1 of the Lair of Beasts
 12428 | Lair:1   | Found a broken altar of Ashenzari.
 12520 | Lair:1   | Found a frozen archway.
 12536 | IceCv    | Entered an ice cave
 12662 | IceCv    | Noticed a death yak
 12662 | IceCv    | Noticed a death yak
 12675 | IceCv    | Killed a death yak
 12676 | IceCv    | Reached skill level 10 in Polearms
 13257 | Lair:1   | Learned a level 4 spell: Anguish
 13355 | Lair:1   | Identified the +6 morningstar of the Revolution {vorpal,
                  | +Blink rF+ Int-5}
 13374 | Lair:1   | Identified the +3 robe of the Bard {rElec Str+8}
 13625 | Lair:1   | Noticed Amaemon
 13638 | Lair:1   | Killed Amaemon
 15001 | Lair:2   | Reached skill level 1 in Spellcasting
 15001 | Lair:2   | Reached skill level 1 in Hexes
 15223 | Lair:2   | Found a blossoming altar of Fedhas.
 15226 | Lair:2   | Noticed an oklob plant
 15228 | Lair:2   | Noticed an oklob plant
 15245 | Lair:2   | Killed an oklob plant
 15246 | Lair:2   | Killed an oklob plant
 15547 | Lair:2   | Noticed a four-headed hydra
 15558 | Lair:2   | Killed a four-headed hydra
 15559 | Lair:2   | Reached XP level 12. HP: 81/102 MP: 18/18
 15853 | Lair:3   | Noticed Urug
 15868 | Lair:3   | Killed Urug
 16001 | Lair:3   | Found a staircase to the Shoals.
 16049 | Lair:3   | Reached skill level 1 in Translocations
 16284 | Lair:3   | Reached **** piety under Yredelemnul
 16340 | Lair:3   | Reached ***** piety under Yredelemnul
 16346 | Lair:3   | Reached ****** piety under Yredelemnul
 16346 | Lair:3   | Reached skill level 5 in Hexes
 16378 | Lair:3   | Reached skill level 1 in Transmutations
 17625 | Lair:4   | Found a staircase to the Snake Pit.
 18005 | Lair:4   | Noticed an alligator
 18013 | Lair:4   | Killed an alligator
 18014 | Lair:4   | Reached skill level 5 in Translocations
 18014 | Lair:4   | Gained mutation: You have hoof-like feet. [demonic
                  | ancestry]
 18014 | Lair:4   | Reached XP level 13. HP: 70/108 MP: 19/19
 18111 | Lair:4   | Reached skill level 1 in Necromancy
 18598 | Lair:4   | HP: 4/108 [death yak (19)]
 18605 | Lair:4   | Slain by a death yak

Illustrated notes

Levels and vault maps discovered:
D:1:      dpeg_arrival_rooms_b, layout_basic
D:2:      layout_basic, basic_altar
D:3:      layout_loops_cross, serial_shops, nicolae_shop_stone,
          nicolae_shop_hallway_plus, nicolae_shop_hallway_stairs,
          kennysheep_generic_room_3
D:4:      layout_basic, uniq_sigmund
D:5:      layout_layer_cave, minmay_temple_entry_statues_fountains
D:6:      layout_loops_corners, nzn_wu_jian_contemplation,
          gammafunk_ghost_cemetery, lemuel_flame_loot_1, uniq_pikel
D:7:      layout_basic, lightli_minifort
D:8:      layout_basic, grunt_ministairs_10, uniq_erica
D:9:      layout_basic, erik_lair_dragon, kennysheep_decorative_pillar,
          uniq_maggie
D:10:     layout_irregular_city, erik_orc_1, nicolae_blasting_shop
Lair:1:   layout_regular_city, basic_altar, portal_ice_cave_entry_pillars_1,
          grunt_forest_stairs_basic, uniq_amaemon
Lair:2:   layout_cave_pods, st_stairs_7, hangedman_tree_tricks,
          grunt_megastairs_4
Lair:3:   layout_misc_corridors, minmay_shoals_entry_lonely_mermaid,
          serial_bayou_shore_a, grunt_megastairs_2, infiniplex_staircase_pool_2,
          lemuel_fruit_fields, uniq_urug
Lair:4:   onia_ninara_swampy_vault, layout_regular_city,
          minmay_snake_entry_six_corridors, kennysheep_basilisk_garden,
          lemuel_fruit_tree, infiniplex_staircase_pool
Lair:5:   dragon1_lemuel, layout_regular_city, uniq_rupert, uniq_josephine

Skill      XL: |  1  2  3  4  5  6  7  8  9 10 11 12 13 |
---------------+----------------------------------------+-----
Polearms       | 3 4 5 6 9 11 12 | 12.6
Fighting       | 3 4 6 7 10 12 | 12.0
Armour         | 1 3 5 |  5.0
Invocations    | 4 9 |  9.0
Dodging        | 4 5 |  5.0
Spellcasting   | 2 3 |  3.0
Hexes          | 2 5 |  5.0
Translocations | 5 |  5.0
Transmutations | 3 4 |  4.4
Necromancy     | 2 |  2.6
Throwing       | |  1.7

Action                   |  1- 3 |  4- 6 |  7- 9 | 10-12 | 13-15 || total
-------------------------+-------+-------+-------+-------+-------++-------
Melee: Trident           |    95 |    55 |   238 |   373 |       ||   761
       Punch             |       |     2 |     5 |     7 |       ||    14
       Kick              |       |       |       |   172 |    10 ||   182
       Demon trident     |       |       |       |   176 |    27 ||   203
 Fire: Hunting sling     |     1 |     3 |    31 |    23 |       ||    58
Throw: Throwing net      |       |       |     2 |       |       ||     2
       Dart              |       |       |       |     8 |       ||     8
Invok: Dark Bargain      |       |       |       |     2 |       ||     2
Evoke: Wand              |       |       |     2 |     7 |     4 ||    13
  Use: Scroll            |       |     9 |     8 |    11 |     1 ||    29
       Potion            |       |     1 |     2 |     6 |     2 ||    11
 Stab: Sleeping          |     4 |     1 |       |       |       ||     5
       Held in net/web   |       |       |     3 |       |       ||     3
       Distracted        |       |       |       |     4 |       ||     4
       Confused          |       |       |       |       |     1 ||     1
Armor: Leather armour    |    13 |    11 |       |       |       ||    24
       Scale mail        |       |     6 |    63 |     5 |       ||    74
       Steam dragon scal |       |       |       |    73 |       ||    73
       Ring mail         |       |       |       |     7 |     9 ||    16
Dodge: Dodged            |    36 |    20 |    92 |   190 |     9 ||   347
Block: Other             |       |     2 |    33 |    88 |    14 ||   137
       Reflection        |       |       |       |     1 |       ||     1

Table legend: (Time is in decaauts)
 A = Elapsed time spent in this place.
 B = Non-inter-level travel time spent in this place.
 C = Inter-level travel time spent in this place.
 D = Time resting spent in this place.
 E = Time spent auto-exploring this place.
 F = Levels seen in this place.
 G = Mean time per level.
                   A        B        C        D        E       F      G
               +--------+--------+--------+--------+--------+-----+--------+
         Total |  18531 |  17984 |    547 |   6058 |   9072 |  16 | 1158.2 |
       Dungeon |  12416 |  12062 |    354 |   4030 |   6217 |  10 | 1241.6 |
          Lair |   5968 |   5776 |    192 |   1928 |   2855 |   5 | 1193.6 |
      Ice Cave |    146 |    146 |      0 |    100 |      0 |   1 |  146.0 |
               +--------+--------+--------+--------+--------+-----+--------+

Top non-repeatable levels by time:
     D:6: 2404 daAuts
  Lair:4: 1722 daAuts
  Lair:1: 1616 daAuts
     D:9: 1554 daAuts
  Lair:2: 1491 daAuts
     D:5: 1326 daAuts
     D:8: 1324 daAuts
    D:10: 1297 daAuts
     D:7: 1204 daAuts
     D:4: 1162 daAuts
  Lair:3: 1127 daAuts
     D:3: 955 daAuts
     D:1: 671 daAuts
     D:2: 513 daAuts
   IceCv: 146 daAuts
